 Dungeon Crawl Stone Soup version 0.28.0-53-g5a82cb258f (webtiles) character file.

Game seed: 8782263568341386620

499 DocClef the Skirmisher (level 6, -4/50 HPs)
             Began as a Draconian Fighter on June 14, 2022.
             Was a Follower of Hepliaklqana.
             Killed by divine providence
             ... invoked by an orc priest
              (15 damage)
             ... on level 4 of the Dungeon.
             The game lasted 00:04:58 (4196 turns).

DocClef the Skirmisher (Draconian Fighter)          Turns: 4196, Time: 00:05:00

Health: -4/50      AC:  6    Str: 18    XL:     6   Next: 94%
Magic:  6/6        EV: 12    Int:  8    God:    Hepliaklqana [*.....]
Gold:   86         SH:  5    Dex: 13    Spells: 5/5 levels left

rFire   . . .      SeeInvis .   a - +1 rapier (vamp)
rCold   . . .      Faith    .   b - +0 buckler
rNeg    . . .      Spirit   .   (armour unavailable)
rPois   .          Reflect  .   (helmet restricted)
rElec   .          Harm     .   (no cloak)
rCorr   .          Rampage  .   (no gloves)
Will    .....                   (no boots)
Stlth   ++........              (no amulet)
HPRegen 0.16/turn               (no ring)
MPRegen 0.10/turn               (no ring)

@: no status effects
A: reduced essence, AC +6, unfitting armour, cold-blooded
a: Renounce Religion, Recall Ancestor, Ancestor Identity


You were on level 4 of the Dungeon.
You worshipped Hepliaklqana.
Hepliaklqana was aware of your devotion.
You visited 1 branch of the dungeon, and saw 4 of its levels.

You collected 86 gold pieces.

Inventory:

Hand Weapons
 a - a +1 vampiric rapier (weapon)
Missiles
 i - a throwing net (quivered)
Armour
 b - a +0 buckler (worn)
Scrolls
 f - 3 scrolls of fear
 l - 4 scrolls of identify
Potions
 c - a potion of might
 d - a potion of heal wounds
 e - a potion of magic {unknown}
 g - a potion of degeneration
 h - a potion of flight {unknown}
 j - a potion of curing {unknown}
 k - a potion of mutation {unknown}


   Skills:
 + Level 5.1 Fighting
 + Level 4.7 Short Blades
 + Level 3.9 Dodging
 + Level 1.6 Stealth
 + Level 4.0 Shields


You had 5 spell levels left.
You didn't know any spells.
Your spell library contained the following spells:

 Spells                   Type           Power      Damage    Failure   Level
 Animate Skeleton         Necr           0%         N/A       50%         1
 Foxfire                  Conj/Fire      0%         2x1d4     50%         1
 Pain                     Necr           0%         1d4       50%         1
 Conjure Flame            Conj/Fire      0%         6-21      86%         3
 Inner Flame              Hex/Fire       0%         N/A       86%         3
 Vampiric Draining        Necr           0%         2d6       86%         3
 Flame Wave               Conj/Fire      0%         2d4       99%         4


Dungeon Overview and Level Annotations

Branches:
Dungeon (4/15)
 Temple: D:4-7

Altars:
Fedhas
Hepliaklqana
Uskayaw

Shops:
D:3 ([[

Annotations:
D:3 3 runed translucent doors, Valamore's ghost, amateur DsFi


Innate Abilities, Weirdness & Mutations

Your life essence is reduced to manifest your ancestor. (-10% HP)
Your plain brown scales are hard. (AC +6)
You cannot fit into any form of body armour.
You are cold-blooded and may be slowed by cold attacks.


Message History

The orc priest hits Ishtar-belessa with a +0 club!
The orc wizard closely misses you.
Ishtar-belessa hits the orc priest.
The orc priest calls upon Beogh to heal the orc priest.
The orc priest's wounds heal themselves!
You hit the orc priest.
You feel better.
The orc priest is moderately wounded.
The orc priest invokes the aid of Beogh against you.
Pain shoots through your body! You block the orc wizard's attack.
Ishtar-belessa barely misses the orc priest.
The orc closely misses you.
You puncture the orc priest!
You feel better.
You kill the orc priest!
The orc wizard hits you with a +0 dagger.
Ishtar-belessa barely misses the orc wizard.
The orc priest hits you with a +1 vorpal mace.
You block the orc's attack.
Your Shields skill increases to level 4!
You hit the orc priest.
You feel better.
You tail-slap the orc priest, but do no damage.
The orc priest is moderately wounded.
You block the orc wizard's attack.
Ishtar-belessa barely misses the orc wizard.
The orc priest hits you with a +1 vorpal mace.
The orc hits you but does no damage.
You hit the orc priest but do no damage.
The orc priest is moderately wounded.
You block the orc wizard's attack.
Ishtar-belessa barely misses the orc wizard.
The orc priest invokes the aid of Beogh against you.
Pain shoots through your body!
* * * LOW HITPOINT WARNING * * *
The orc hits you with a +0 war axe.
* * * LOW HITPOINT WARNING * * *
You hit the orc priest but do no damage.
The orc priest is moderately wounded.
You block the orc wizard's attack.
Ishtar-belessa closely misses the orc wizard.
The orc priest calls down the wrath of Beogh upon you.
Beogh smites you!
You die...

#.# #.# .. #.#
.### #.## .....
####..####.....
##..............
#...............
#........oo......
#........@o......
#........R)......
#................
#..............##
##............##
##..........##
############


You could see the friendly Ishtar-belessa the ancestor, an orc priest, an orc
wizard (ally target) and an orc.

Vanquished Creatures
  A centaur (D:3)
  A hound (D:4)
  3 orc priests
  2 orc wizards
  An iguana (D:4)
  7 gnolls
  5 adders
  2 worms (D:2)
  2 dart slugs
  9 orcs
  5 bats
  6 endoplasms
  5 giant cockroaches
  7 goblins
  6 hobgoblins
  3 jackals (D:3)
  A quokka (D:3)
  5 ball pythons
  A frilled lizard (D:2)
  5 kobolds
  4 rats
81 creatures vanquished.

Vanquished Creatures (collateral kills)
  An orc priest (D:4)
  A bat (D:3)
2 creatures vanquished.

Vanquished Creatures (others)
  3 fungi (D:3)
  A plant (D:3)
4 creatures vanquished.

Grand Total: 87 creatures vanquished

Notes
Turn   | Place    | Note
-------+----------+-------------------------------------------
     0 | D:1      | DocClef the Draconian Fighter began the quest for the Orb.
     0 | D:1      | Reached XP level 1. HP: 19/19 MP: 1/1
   496 | D:1      | Reached XP level 2. HP: 26/26 MP: 2/2
  1147 | D:1      | Reached XP level 3. HP: 19/33 MP: 3/3
  1490 | D:2      | Reached XP level 4. HP: 40/40 MP: 4/4
  1506 | D:2      | You fall into a shaft and drop 2 floors!
  1522 | D:4      | Reached skill level 4 in Fighting
  1528 | D:4      | Noticed a black bear
  1547 | D:3      | Noticed a centaur
  1554 | D:3      | Killed a centaur
  1555 | D:3      | Reached skill level 1 in Stealth
  1555 | D:3      | Reached XP level 5. HP: 34/47 MP: 5/5
  2002 | D:3      | Reached XP level 6. HP: 5/55 MP: 6/6
  2357 | D:2      | Found a hazy altar of Hepliaklqana.
  2367 | D:2      | Became a worshipper of Hepliaklqana the Forgotten
  2470 | D:2      | Reached skill level 5 in Fighting
  3325 | D:3      | Found a hide-covered altar of Uskayaw.
  3350 | D:3      | Reached * piety under Hepliaklqana
  3379 | D:3      | Found Isyiv's Armour Shop.
  3435 | D:3      | Found Ywod's Armour Shop.
  3655 | D:3      | Found a runed translucent gate.
  3655 | D:3      | Found a runed translucent gate.
  3655 | D:3      | Noticed Valamore's ghost (amateur DsFi)
  3656 | D:3      | Found a runed translucent gate.
  3717 | D:3      | Found a blossoming altar of Fedhas.
  3896 | D:3      | Found Axkujuth's Weapon Emporium.
  4196 | D:4      | Killed from afar by an orc priest

Illustrated notes

Levels and vault maps discovered:
D:1:      beargit_arrival_greenhouse, layout_basic, minmay_misc_feat_hallway
D:2:      cheibrodos_pilgrimage, layout_loops_ring, basic_altar,
          minmay_goblin_outpost
D:3:      layout_loops_ring, mainiacjoe_overflow_24_doors,
          nicolae_uskayaw_suspiria, serial_shops, nicolae_shop_trees,
          nicolae_diamond_shop, nicolae_shop_crystal, portal_sewer_entry_e,
          gammafunk_ghost_nasty_kobolds
D:4:      layout_rooms, minmay_statues_item, hex_tiny, corexii_corridor_pit,
          chequers_avenue

Skill      XL: |  1  2  3  4  5  6 |
---------------+-------------------+-----
Dodging        | 3 |  3.9
Fighting       | 4 5 |  5.1
Short Blades   | 3 4 |  4.7
Stealth        | 1 |  1.6
Shields        | 4 |  4.0

Action                   |  1- 3 |  4- 6 || total
-------------------------+-------+-------++-------
Melee: Rapier            |    39 |   205 ||   244
       Tailslap          |     3 |    22 ||    25
  Use: Scroll            |     3 |     3 ||     6
 Stab: Sleeping          |     1 |     3 ||     4
       Distracted        |       |     1 ||     1
Armor: Skin              |     5 |    69 ||    74
Dodge: Dodged            |    19 |   143 ||   162
Block: Buckler           |    10 |    51 ||    61
